 Dungeon Sprint DCSS version 0.27-a0-1301-g128193abf8 (webtiles) character file.

Game seed: 15732023304050779133

48352 mhtbhm the Archmage (level 14, -1/65 HPs)
             Began as a Spriggan Earth Elementalist on June 17, 2021.
             Was the Champion of Vehumet.
             Slain by a demonic crawler (10 damage)
             ... in the Dungeon (Sprint IX: "|||||||||||||||||||||||||||||").
             The game lasted 00:19:01 (8839 turns).

mhtbhm the Archmage (Spriggan Earth Elementalist)   Turns: 8839, Time: 00:19:01

Health: -1/65      AC: -6    Str:  4    XL:     14   Next: 12%
Magic:  29/55      EV: 10    Int: 27    God:    Vehumet [******]
Gold:   620        SH:  0    Dex: 12    Spells: 31/67 levels left

rFire    . . .     SeeInvis +   a - +3 quick blade
rCold    . . .     Faith    .   (shield restricted)
rNeg     . . .     Spirit   .   b - +0 robe of Xyxurr {Regen+ Int+6 Dex-4}
rPois    .         Reflect  +   i - +1 hat
rElec    .         Harm     .   m - +0 cloak
rCorr    .         Rampage  .   (gloves unavailable)
Will     ++...     NoTele   +   (boots unavailable)
Stlth    ++++......             v - amulet of reflection
HPRegen  1.20/turn              x - ring of magical power
MPRegen  0.34/turn              o - +2 ring of protection

@: corroded, held, very quick
A: very small, no large weapons, unfitting armour, see invisible, speed 3
a: Renounce Religion


You were in the Dungeon.
You worshipped Vehumet.
Vehumet was exalted by your worship.
You visited 1 branch You collected 1964 gold pieces.
You spent 1344 gold pieces at shops.

Inventory:

Hand Weapons
 a - a +3 quick blade (weapon)
Missiles
 n - a throwing net (quivered)
 u - 3 boomerangs
Armour
 b - the +0 robe of Xyxurr (worn) {Regen+ Int+6 Dex-4}
   (You bought it in a shop in the Dungeon)

   It affects your intelligence (+6).
   It affects your dexterity (-4).
   It increases your rate of health regeneration.
 i - a +1 hat (worn)
 m - a +0 cloak (worn)
Jewellery
 o - a +2 ring of protection (right hand)
 v - an amulet of reflection (around neck)
 x - a ring of magical power (left hand)
 C - a ring of protection from fire
Wands
 p - a wand of mindburst (8)
 y - a wand of paralysis (8)
Scrolls
 k - 2 scrolls of amnesia
 q - 2 scrolls of enchant weapon
 r - 3 scrolls of fog
 s - 3 scrolls of identify
 E - 2 scrolls of enchant armour
Potions
 c - 10 potions of curing
 d - a potion of heal wounds
 e - 4 potions of haste
 f - 5 potions of magic
 g - 3 potions of berserk rage
 j - a potion of invisibility
 t - a potion of flight
 w - a potion of might
 D - a potion of mutation


   Skills:
 + Level 3.0 Fighting
 + Level 2.5 Short Blades
 + Level 1.1 Throwing
 + Level 8.9 Dodging
 + Level 10.3 Stealth
 + Level 1.2 Shields
 O Level 27 Spellcasting
 + Level 5.3 Conjurations
 + Level 8.5 Transmutations
 + Level 4.2 Fire Magic
 + Level 21.9 Earth Magic
 + Level 6.4 Evocations


You had 31 spell levels left.
You knew the following spells:

 Your Spells              Type           Power      Damage    Failure   Level
a - Sandblast             Erth           100%       2d20      0%          1
b - Passwall              Tmut/Erth      72%        N/A       0%          2
c - Stone Arrow           Conj/Erth      100%       3d13      0%          3
d - Lee's Rapid Deconstr  Erth           50%        3d25*     0%          5
e - Petrify               Tmut/Erth      87%        N/A       0%          4
f - Bolt of Magma         Conj/Fire/Erth 37%        4d16      1%          5
g - Lehudib's Crystal Sp  Conj/Erth      41%        10d10     5%          8
h - Ignition              Fire           28%        3d9       88%         8

Your spell library contained the following spells:

 Spells                   Type           Power      Damage    Failure   Level
 Chain Lightning          Conj/Air       25%        3d33      100%        9
 Yara's Violent Unravell  Hex/Tmut       28%        3d12      1%          5
 Confusing Touch          Hex            36%        N/A       2%          3
 Gell's Gravitas          Tloc           18%        N/A       2%          3
 Metabolic Englaciation   Hex/Ice        18%        N/A       21%         5


Dungeon Overview and Level Annotations

Branches:
Dungeon (1/1)

Altars:
Cheibriados
Dithmenos
Elyvilon
Fedhas
Gozag
Hepliaklqana
Kikubaaqudgha
Makhleb
Nemelex Xobeh
Okawaru
Qazlal
Ru
Sif Muna
Trog
Uskayaw
Vehumet
Wu Jian
Xom
Yredelemnul
Zin
The Shining One
Beogh
Jiyva
Lugonu

Shops:
D ![=[


Innate Abilities, Weirdness & Mutations

You are very small and have problems with some larger weapons.
You are too small for most types of armour.
You have supernaturally acute eyesight. (SInv)
You cover ground extremely quickly. (Speed+++)


Message History

Unknown command.
Unknown command.
Casting: Lee's Rapid Deconstruction (safe; 0% risk of failure)
Confirm with . or Enter, or press ? or * to list all spells.
Aiming: Lee's Rapid Deconstruction (safe; 0% risk of failure)
Press: ? - help, Dir - move target, f - redback Fragment what (e.g. wall or brittle monster)?: a redback An open door to the Spider Nest.
The stone door frame shatters!
The blast of rock fragments hits the redback!!
You kill the redback!
Vehumet accepts your kill.
You feel your power returning.
Unknown command.
Things that are here:
a wolf spider corpse; an entropy weaver corpse; an entropy weaver corpse There's a creature in the doorway!
You see here a jumping spider corpse.
The jumping spider leaps!
You see here a manticore corpse.
You barely miss the jumping spider.
The jumping spider closely misses you. x2
You hit the jumping spider but do no damage.
The jumping spider closely misses you. The jumping spider misses you.
You barely miss the jumping spider. The jumping spider pounces on you.
You are caught in a web!
The jumping spider bites you!
Unknown command.
Okay, then.
Okay, then.
Okay, then.
Casting: Lee's Rapid Deconstruction (safe; 0% risk of failure)
Confirm with . or Enter, or press ? or * to list all spells.
Aiming: Stone Arrow (safe; 0% risk of failure)
Press: ? - help, Shift-Dir - straight line, f - jumping spider
Aim: a jumping spider (72% to hit)
The stone arrow hits the jumping spider!
The jumping spider is moderately wounded.
The demonic crawler hits you. The demonic crawler hits you!
* * * LOW HITPOINT WARNING * * *
The demonic crawler hits you!
You die...

.)..)))))...[...))'.....∩.∩.∩.∩..
▓▓▓▓▓▓▓▓▓▓▓▓▓▓▓▓▓▓▓▓▓▓▓▓▓▓▓▓▓▓▓▓▓
.)............................)..
▓▓▓▓▓▓▓▓▓▓▓▓▓▓▓▓▓▓▓▓▓▓▓▓▓▓▓▓▓▓▓▓▓
).[[[[[[[[.......[.))))..........
▓▓▓▓▓▓▓▓▓▓▓▓▓▓▓▓▓▓▓▓▓▓▓▓▓▓▓▓▓▓▓▓▓
.................................
♣♣.▓▓▓▓▓▓▓▓▓▓▓▓▓▓▓▓▓▓▓▓▓▓▓▓▓▓▓▓▓▓
.†.))........).s@s†...††......
♣♣♣▓▓▓▓▓▓▓▓▓▓▓▓▓▓▓▓▓▓▓▓▓▓▓▓▓▓▓


You could see a demonic crawler and a jumping spider.

Vanquished Creatures
  Rupert (D)
  Gastronok (D)
  A thorn hunter (D)
  2 entropy weavers (D)
  A dire elephant (D)
  2 ettins (D)
  2 eleionomae (D)
  A shambling mangrove (D)
  A fire dragon (D)
  An ice dragon (D)
  A naga warrior (D)
  Harold (D)
  5 hydras (D)
  A rakshasa (D)
  3 centaur warriors (D)
  A two-headed ogre (D)
  An anaconda (D)
  A merfolk avatar (D)
  A merfolk aquamancer (D)
  A tengu warrior (D)
  A naga sharpshooter (D)
  An orc high priest (D)
  2 iron trolls (D)
  A skeletal warrior (D)
  A flayed ghost (D)
  A sea snake (D)
  5 deep trolls (D)
  2 swamp dragons (D)
  A naga ritualist (D)
  3 orc knights (D)
  A wolf spider (D)
  4 manticores (D)
  2 ugly things (D)
  A will-o-the-wisp (D)
  A naga mage (D)
  Maurice (D)
  4 black mambas (D)
  A torpor snail (D)
  7 elephants (D)
  Psyche (D)
  2 cane toads (D)
  A rime drake (D)
  A komodo dragon (D)
  A meliai (D)
  4 trolls (D)
  A merfolk (D)
  A jumping spider (D)
  A raiju (shapeshifter) (D)
  2 wind drakes (D)
  A slime creature (D)
  3 hornets (D)
  A snapping turtle (D)
  3 redbacks (D)
  A wyvern (D)
  2 wraiths (D)
  2 yaks (D)
  3 basilisks (D)
  Eustachio (D)
  2 vampire mosquitoes (D)
  3 water moccasins (D)
  8 orc warriors (D)
  A wolf (D)
  A bullfrog (D)
  A howler monkey (D)
  5 orc priests (D)
  8 orc wizards (D)
  An iguana (D)
  A hell rat (D)
  An adder (D)
  An ufetubus (D)
  A worm (D)
  An orc (D)
  2 ball pythons (D)
  A bat zombie (D)
  A jackal (D)
  A kobold (D)
  A quokka zombie (D)
  A rat (D)
  2 briar patches (D)
145 creatures vanquished.

Vanquished Creatures (others)
  5 briar patches (D)
5 creatures vanquished.

Grand Total: 150 creatures vanquished

Notes
Turn   | Place    | Note
-------+----------+-------------------------------------------
     0 | D        | mhtbhm the Spriggan Earth Elementalist began the quest for
                  | the Orb.
     0 | D        | Reached XP level 1. HP: 9/9 MP: 5/5
   142 | D        | Reached skill level 3 in Spellcasting
   167 | D        | Noticed an iguana
   176 | D        | Killed an iguana
   177 | D        | Reached skill level 4 in Spellcasting
   177 | D        | Reached skill level 5 in Earth Magic
   177 | D        | Reached XP level 2. HP: 13/13 MP: 0/8
   177 | D        | Reached XP level 3. HP: 16/16 MP: 0/9
   356 | D        | Learned a level 2 spell: Passwall
   360 | D        | Learned a level 3 spell: Stone Arrow
   365 | D        | Reached skill level 5 in Spellcasting
   546 | D        | Found a snail-covered altar of Cheibriados.
   546 | D        | Found a shadowy altar of Dithmenos.
   546 | D        | Found a white marble altar of Elyvilon.
   546 | D        | Found a blossoming altar of Fedhas.
   546 | D        | Found an opulent altar of Gozag.
   547 | D        | Found a hazy altar of Hepliaklqana.
   548 | D        | Found a viscous altar of Jiyva.
   549 | D        | Found an ancient bone altar of Kikubaaqudgha.
   550 | D        | Found a corrupted altar of Lugonu.
   551 | D        | Found a burning altar of Makhleb.
   552 | D        | Found a sparkling altar of Nemelex Xobeh.
   553 | D        | Found an iron altar of Okawaru.
   554 | D        | Found a stormy altar of Qazlal.
   555 | D        | Found a sacrificial altar of Ru.
   556 | D        | Found a shimmering blue altar of Sif Muna.
   557 | D        | Found a bloodstained altar of Trog.
   558 | D        | Found a hide-covered altar of Uskayaw.
   559 | D        | Found a radiant altar of Vehumet.
   560 | D        | Found an ornate altar of the Wu Jian Council.
   561 | D        | Found a shimmering altar of Xom.
   562 | D        | Found a basalt altar of Yredelemnul.
   563 | D        | Found a glowing silver altar of Zin.
   564 | D        | Found a glowing golden altar of the Shining One.
   569 | D        | Became a worshipper of Vehumet
   604 | D        | Noticed a hornet
   604 | D        | Noticed a two-headed ogre
   604 | D        | Noticed a wraith
   609 | D        | Reached XP level 4. HP: 21/21 MP: 10/12
   609 | D        | Killed a two-headed ogre
   609 | D        | Reached * piety under Vehumet
   609 | D        | Offered knowledge of Shock by Vehumet.
   610 | D        | Reached skill level 10 in Spellcasting
   610 | D        | Reached skill level 10 in Earth Magic
   610 | D        | Reached XP level 5. HP: 24/24 MP: 11/19
   610 | D        | Reached XP level 6. HP: 28/28 MP: 11/20
   610 | D        | Reached XP level 7. HP: 32/32 MP: 12/22
   610 | D        | Killed a hornet
   611 | D        | Reached skill level 11 in Spellcasting
   622 | D        | Killed a wraith
   622 | D        | Reached ** piety under Vehumet
   623 | D        | Reached XP level 8. HP: 16/36 MP: 1/24
   792 | D        | Learned a level 5 spell: Lee's Rapid Deconstruction
   797 | D        | Learned a level 4 spell: Petrify
   806 | D        | Noticed a manticore
   806 | D        | Noticed a manticore
   806 | D        | Noticed a centaur warrior
   806 | D        | Noticed a seven-headed hydra
   812 | D        | Killed a manticore
   812 | D        | Offered knowledge of Magic Dart by Vehumet.
   813 | D        | Reached skill level 1 in Fighting
   813 | D        | Reached skill level 12 in Spellcasting
   813 | D        | Killed a manticore
   814 | D        | Reached skill level 13 in Spellcasting
   817 | D        | Reached XP level 9. HP: 36/42 MP: 1/27
   817 | D        | Killed a centaur warrior
   817 | D        | Reached *** piety under Vehumet
   818 | D        | Reached skill level 14 in Spellcasting
   818 | D        | Reached skill level 1 in Conjurations
   818 | D        | Reached skill level 5 in Evocations
  1048 | D        | Offered knowledge of Static Discharge by Vehumet.
  1203 | D        | Killed a seven-headed hydra
  1203 | D        | Offered knowledge of Airstrike by Vehumet.
  1204 | D        | Reached skill level 15 in Spellcasting
  1390 | D        | Noticed a cane toad
  1396 | D        | Reached **** piety under Vehumet
  1397 | D        | Reached skill level 16 in Spellcasting
  1397 | D        | Killed a cane toad
  1398 | D        | Reached XP level 10. HP: 47/47 MP: 9/31
  1625 | D        | Offered knowledge of Irradiate by Vehumet.
  1632 | D        | Reached ***** piety under Vehumet
  1718 | D        | Noticed a cane toad
  1718 | D        | Noticed a five-headed hydra
  1718 | D        | Noticed a torpor snail
  1718 | D        | Noticed a five-headed hydra
  1757 | D        | Killed a cane toad
  1758 | D        | Reached skill level 17 in Spellcasting
  1762 | D        | Killed a five-headed hydra
  1763 | D        | Reached skill level 15 in Earth Magic
  1885 | D        | Killed a torpor snail
  1885 | D        | Offered knowledge of Starburst by Vehumet.
  2110 | D        | Killed a five-headed hydra
  2111 | D        | Reached skill level 18 in Spellcasting
  2686 | D        | Noticed an elephant
  2686 | D        | Noticed an elephant
  2686 | D        | Noticed an elephant
  2686 | D        | Noticed a dire elephant
  2686 | D        | Noticed an elephant
  2686 | D        | Noticed an elephant
  2689 | D        | Killed an elephant
  2690 | D        | Reached XP level 11. HP: 47/51 MP: 25/34
  2692 | D        | Reached skill level 19 in Spellcasting
  3343 | D        | Reached ****** piety under Vehumet
  3363 | D        | Offered knowledge of Orb of Destruction by Vehumet.
  3729 | D        | Killed a dire elephant
  3730 | D        | Reached skill level 5 in Transmutations
  3988 | D        | Reached skill level 20 in Spellcasting
  4247 | D        | Noticed Gastronok
  4341 | D        | Killed Gastronok
  4549 | D        | Offered knowledge of Bolt of Magma by Vehumet.
  4785 | D        | Learned a level 5 spell: Bolt of Magma
  4788 | D        | Noticed an orc high priest
  4788 | D        | Noticed an orc knight
  4791 | D        | Reached skill level 21 in Spellcasting
  4792 | D        | Killed an orc high priest
  4792 | D        | Offered knowledge of Spellforged Servitor by Vehumet.
  4794 | D        | Killed an orc knight
  4799 | D        | Noticed an orc knight
  4808 | D        | Reached skill level 1 in Fire Magic
  4808 | D        | Killed an orc knight
  4993 | D        | Noticed an orc knight
  4998 | D        | Killed an orc knight
  5236 | D        | Found Hecwaess's Distillery.
  5236 | D        | Noticed a deep troll
  5236 | D        | Noticed a deep troll
  5236 | D        | Noticed an iron troll
  5236 | D        | Noticed an ettin
  5236 | D        | Noticed an iron troll
  5245 | D        | Killed a deep troll
  5245 | D        | Killed a deep troll
  5246 | D        | Reached skill level 22 in Spellcasting
  5246 | D        | Reached XP level 12. HP: 56/56 MP: 32/39
  5251 | D        | Killed an ettin
  5251 | D        | Offered knowledge of Fireball by Vehumet.
  5741 | D        | Reached skill level 1 in Short Blades
  5775 | D        | Found Senuedgh's Antique Armour Shoppe.
  5779 | D        | Found Muicw's Jewellery Emporium.
  5782 | D        | Found Ezifikumn's Armour Shoppe.
  5787 | D        | Noticed an ettin
  5809 | D        | Killed an ettin
  5896 | D        | Offered knowledge of Lightning Bolt by Vehumet.
  5897 | D        | Reached skill level 23 in Spellcasting
  6078 | D        | Bought a warped robe for 131 gold pieces
  6078 | D        | Identified the +0 robe of Xyxurr {Regen+ Int+6 Dex-4} (You
                  | bought it in a shop in the Dungeon)
  6085 | D        | Bought an amulet of reflection for 330 gold pieces
  6095 | D        | Bought a potion of magic for 104 gold pieces
  6095 | D        | Bought a potion of curing for 39 gold pieces
  6095 | D        | Bought a potion of curing for 39 gold pieces
  6095 | D        | Bought a potion of heal wounds for 65 gold pieces
  6095 | D        | Bought a potion of curing for 39 gold pieces
  6095 | D        | Bought a potion of heal wounds for 65 gold pieces
  6095 | D        | Bought a potion of haste for 130 gold pieces
  6095 | D        | Bought a potion of haste for 130 gold pieces
  6095 | D        | Bought a potion of might for 52 gold pieces
  6109 | D        | Bought a ring of magical power for 220 gold pieces
  6174 | D        | Noticed Harold
  6180 | D        | Killed Harold
  6276 | D        | Noticed Psyche
  6283 | D        | Killed Psyche
  6450 | D        | Noticed Maurice
  6454 | D        | Killed Maurice
  6609 | D        | Noticed a centaur warrior
  6609 | D        | Noticed a centaur warrior
  6614 | D        | Killed a centaur warrior
  6615 | D        | Killed a centaur warrior
  6617 | D        | Noticed a rakshasa
  6623 | D        | Killed a rakshasa
  6623 | D        | Offered knowledge of Conjure Ball Lightning by Vehumet.
  6626 | D        | Reached skill level 24 in Spellcasting
  6626 | D        | Noticed an ice dragon
  6742 | D        | Killed an ice dragon
  6743 | D        | Reached XP level 13. HP: 60/60 MP: 12/42
  7103 | D        | Noticed a fire dragon
  7109 | D        | Killed a fire dragon
  7245 | D        | Noticed Rupert
  7318 | D        | Killed Rupert
  7318 | D        | Offered knowledge of Lehudib's Crystal Spear by Vehumet.
  7318 | D        | Offered knowledge of Chain Lightning by Vehumet.
  7318 | D        | Offered knowledge of Ignition by Vehumet.
  7565 | D        | Noticed an eleionoma
  7565 | D        | Noticed a thorn hunter
  7570 | D        | Reached skill level 25 in Spellcasting
  7572 | D        | Noticed an eleionoma
  8017 | D        | Killed an eleionoma
  8120 | D        | Killed a thorn hunter
  8410 | D        | Killed an eleionoma
  8434 | D        | Reached skill level 26 in Spellcasting
  8453 | D        | Noticed Eustachio
  8464 | D        | Killed Eustachio
  8643 | D        | Learned a level 8 spell: Lehudib's Crystal Spear
  8652 | D        | Learned a level 8 spell: Ignition
  8660 | D        | Reached skill level 10 in Stealth
  8660 | D        | Reached skill level 1 in Shields
  8670 | D        | Reached XP level 14. HP: 40/65 MP: 7/45
  8825 | D        | Reached skill level 5 in Conjurations
  8826 | D        | Reached skill level 1 in Throwing
  8826 | D        | Reached skill level 27 in Spellcasting
  8839 | D        | Slain by a demonic crawler

Illustrated notes

Levels and vault maps discovered:
D:        linesprint [early_d, line_temple, items_1, d_10, items_2, lair_1,
          lair_end, items_3, orc_1, orc_end, items_4, d_15, swamp_1, shoals_1,
          snake_1, spider_1, d_20, vaults_1, items_5, swamp_end, shoals_end,
          snake_end, spider_end, vaults_end, d_27, items_6, zot_1, zot_end,
          crypt_end, forest_end, elf_end, slime_end, tomb_end, abyss_end,
          pan_hell_end]

Skill      XL: |  1  2  3  4  5  6  7  8  9 10 11 12 13 14 |
---------------+-------------------------------------------+-----
Dodging        | 3 4 7 8 |  8.9
Earth Magic    | 5 6 10 11 12 14 15 18 19 21 | 21.9
Spellcasting   | 4 5 10 11 13 16 18 22 24 26 27 | 27.0
Stealth        | 4 7 8 9 10 | 10.3
Evocations     | 3 4 6 |  6.4
Fighting       | 1 2 3 |  3.0
Conjurations   | 1 2 3 4 5 |  5.3
Transmutations | 4 5 6 8 |  8.5
Fire Magic     | 1 2 4 |  4.2
Short Blades   | 2 |  2.5
Shields        | 1 |  1.2
Throwing       | 1 |  1.1

Action                   |  1- 3 |  4- 6 |  7- 9 | 10-12 | 13-15 || total
-------------------------+-------+-------+-------+-------+-------++-------
Melee: Rapier            |       |       |       |     4 |       ||     4
       Quick blade       |       |       |       |       |     5 ||     5
Throw: Throwing net      |       |       |       |       |     2 ||     2
 Cast: Sandblast         |    16 |       |     8 |     8 |       ||    32
       Stone Arrow       |       |       |     2 |    20 |     4 ||    26
       Lee's Rapid Decon |       |       |    15 |   130 |    64 ||   209
       Petrify           |       |       |       |    31 |    24 ||    55
       Bolt of Magma     |       |       |       |    12 |    23 ||    35
Evoke: Wand              |     3 |     1 |     2 |     4 |     1 ||    11
  Use: Potion            |       |       |     2 |     1 |     7 ||    10
       Scroll            |       |       |       |       |     3 ||     3
 Stab: Petrified         |       |       |       |     4 |     2 ||     6
Armor: Robe              |     1 |       |     1 |       |     5 ||     7
Dodge: Dodged            |     9 |     1 |    14 |    16 |    13 ||    53
Block: Other             |       |       |       |     1 |     7 ||     8
       Reflection        |       |       |       |       |     1 ||     1

Table legend: (Time is in decaauts)
 A = Elapsed time spent in this place.
 B = Non-inter-level travel time spent in this place.
 C = Inter-level travel time spent in this place.
 D = Time resting spent in this place.
 E = Time spent auto-exploring this place.
 F = Levels seen in this place.
 G = Mean time per level.
                   A        B        C        D        E       F      G
               +--------+--------+--------+--------+--------+-----+--------+
         Total |   8135 |   8135 |      0 |   6115 |    867 |   1 | 8135.0 |
       Dungeon |   8135 |   8135 |      0 |   6115 |    867 |   1 | 8135.0 |
               +--------+--------+--------+--------+--------+-----+--------+

Top non-repeatable levels by time:
       D: 8135 daAuts
